 Dungeon Crawl Stone Soup version 0.30-a0-1163-gf69bf04e7a (webtiles) character file.

Game seed: 1539679353789013751

319 Morbidden the Shooter (level 6, -7/47 HPs)
             Began as a Formicid Hunter on Apr 28, 2023.
             Mangled by an ice beast (13 damage)
             ... on level 5 of the Dungeon.
             The game lasted 00:02:36 (2800 turns).

Morbidden the Shooter (Formicid Hunter)             Turns: 2800, Time: 00:02:36

Health: -7/47      AC: 12    Str: 17    XL:     6   Next: 75%
Magic:  8/8        EV:  8    Int:  9    God:
Gold:   200        SH:  0    Dex: 17    Spells: 7/7 levels left

rFire   + . .        b - +0 war axe
rCold   . . .        (no shield)
rNeg    . . .        n - +0 chain mail
rPois   .            (helmet unavailable)
rElec   .            (no cloak)
rCorr   .            (no gloves)
SInv    +            (no boots)
Will    .....        (no amulet) Stlth
                     e - +4 ring of protection
HPRegen 0.27/turn    q - ring of protection from fire
MPRegen 0.11/turn

%: no passive effects
@: no status effects
A: permanent stasis, dig shafts and tunnels, antennae 3, four strong arms
a: Dig, Shaft Self


You were on level 5 of the Dungeon.
You visited 1 branch of the dungeon, and saw 4 of its levels.

You collected 200 gold pieces.

Inventory:

Hand Weapons
 a - a +0 shortbow
 b - a +0 war axe (weapon)
 m - a +0 flail
Armour
 i - a +0 plate armour
 n - a +0 chain mail (worn)
Jewellery
 e - a +4 ring of protection (left hand)
 q - a ring of protection from fire (right hand)
Scrolls
 c - a scroll of fog {unknown}
 d - 7 scrolls of identify {unknown}
 g - 3 scrolls of noise {unknown}
 k - 2 scrolls of blinking {unknown}
 o - a scroll of immolation
 s - a scroll of teleportation {unknown}
Potions
 f - 2 potions of might {unknown}
 h - 3 potions of haste {unknown}
 j - a potion of invisibility {unknown}
 l - a potion of ambrosia {unknown}
 p - a potion of heal wounds {unknown}
 r - 2 potions of mutation {unknown}
 t - a potion of curing {unknown}


   Skills:
 * Level 3.0 Fighting
 * Level 1.0 Axes
 * Level 6.2 Ranged Weapons
 * Level 2.1 Armour
 * Level 2.2 Dodging
 + Level 1.4 Stealth
 * Level 1.4 Spellcasting


You had 7 spell levels left.
You didn't know any spells.
Your spell library was empty.

Dungeon Overview and Level Annotations

Branches:
Dungeon (5/15)
 Temple: D:4-7

Altars:
Kikubaaqudgha

Annotations:
D:2 Jessica


Innate Abilities, Weirdness & Mutations

You cannot be hasted, slowed, berserked, paralysed or teleported.
You can dig through walls and to a lower floor.
You have a pair of large antennae on your head. (SInv)
Your four strong arms can wield two-handed weapons with a shield.


Message History

Unknown command.
Unknown command.
b - a +0 war axe (weapon)
You hit the ice beast.
The ice beast is heavily wounded.
The ice beast hits you but does no damage. x2
You barely miss the ice beast.
The ice beast is heavily wounded.
The ice beast barely misses you.
You hit the ice beast but do no damage.
The ice beast is heavily wounded.
The ice beast barely misses you. x2
Unknown command.
You closely miss the ice beast.
The ice beast is heavily wounded.
The ice beast hits you but does no damage.
You hit the ice beast but do no damage.
The ice beast is heavily wounded.
The ice beast hits you but does no damage. x2
You closely miss the ice beast.
The ice beast is heavily wounded.
The ice beast hits you. The ice beast freezes you.
You barely miss the ice beast.
The ice beast is heavily wounded.
The ice beast hits you. The ice beast freezes you!
The ice beast hits you but does no damage.
You closely miss the ice beast.
The ice beast is heavily wounded.
The ice beast hits you. The ice beast freezes you!
Unknown command.
You hit the ice beast but do no damage.
The ice beast is heavily wounded.
The ice beast hits you. The ice beast freezes you!
* * * LOW HITPOINT WARNING * * *
You hit the ice beast but do no damage.
The ice beast is heavily wounded.
The ice beast closely misses you. The ice beast hits you.
* * * LOW HITPOINT WARNING * * *
The ice beast freezes you!
You die...

###########
......Y@..#########
.##...###.........#####
#... ###...........#
##. #.##..#.###.# #
#.##..#.# #.# #.##..#.#
#.# #.##....# #.#
#.##..### #.# #.##..#
#.#


You could see an ice beast.

Vanquished Creatures
  2 scorpions (D:4)
  A vampire bat (D:4)
  An orc priest (D:4)
  2 iguanas (D:5)
  An orc wizard (D:5)
  A white imp (D:5)
  A dart slug (D:4)
  7 orcs
  A bat (D:1)
  3 bat skeletons (D:4)
  3 bat zombies (D:4)
  3 endoplasms (D:1)
  A giant cockroach (D:1)
  5 goblins
  2 hobgoblins (D:4)
  2 jackals (D:1)
  4 kobolds
  A quokka (D:1)
  2 ball pythons
  A frilled lizard (D:1)
  A rat (D:2)
45 creatures vanquished.

Notes
Turn   | Place    | Note
-------+----------+-------------------------------------------
     0 | D:1      | Morbidden the Formicid Hunter began the quest for the Orb.
     0 | D:1      | Reached XP level 1. HP: 16/16 MP: 1/1
   245 | D:1      | Reached XP level 2. HP: 22/22 MP: 2/2
   401 | D:1      | Reached skill level 1 in Armour
  1040 | D:2      | Noticed Jessica
  1050 | D:2      | You fall into a shaft and drop 2 floors!
  1264 | D:4      | Reached XP level 3. HP: 27/27 MP: 3/3
  1291 | D:4      | Reached XP level 4. HP: 20/34 MP: 4/4
  1419 | D:4      | Reached skill level 5 in Ranged Weapons
  1452 | D:4      | Noticed a scorpion
  1461 | D:4      | Killed a scorpion
  1462 | D:4      | Reached XP level 5. HP: 36/39 MP: 4/6
  1614 | D:4      | Reached skill level 1 in Spellcasting
  1616 | D:4      | Found an ancient bone altar of Kikubaaqudgha.
  1893 | D:4      | Reached XP level 6. HP: 44/46 MP: 7/7
  2241 | D:5      | Entered Level 5 of the Dungeon
  2253 | D:5      | Reached skill level 6 in Ranged Weapons
  2676 | D:5      | Reached skill level 1 in Axes
  2785 | D:5      | Noticed an ice beast
  2800 | D:5      | Mangled by an ice beast

Illustrated notes

Levels and vault maps discovered:
D:1:      eino_arrival_water_cross, layout_basic
D:2:      layout_rooms, basic_altar, hellmonk_ecumenical_altar_zigzags,
          uniq_jessica
D:4:      layout_basic, kennysheep_vampire_church, grunt_ministairs_8,
          kennysheep_opposing_triangles
D:5:      layout_loops_corners, uniq_eustachio

Skill      XL: |  1  2  3  4  5  6 |
---------------+-------------------+-----
Armour         | 1 2 |  2.1
Ranged Weapons | 5 6 |  6.2
Dodging        | 2 |  2.2
Spellcasting   | 1 |  1.4
Fighting       | 3 |  3.0
Axes           | 1 |  1.0
Stealth        | |  1.4

Action                     |  1- 3 |  4- 6 || total
---------------------------+-------+-------++-------
  Melee: War axe           |       |    18 ||    18
   Fire: Shortbow          |    65 |    87 ||   152
Ability: Dig               |     3 |       ||     3
         Shaft Self        |     1 |       ||     1
 Armour: Leather armour    |    10 |       ||    10
         Chain mail        |       |    72 ||    72
  Dodge: Dodged            |    18 |    62 ||    80

Table legend: (Time is in decaauts)
 A = Elapsed time spent in this place.
 B = Non-inter-level travel time spent in this place.
 C = Inter-level travel time spent in this place.
 D = Time resting spent in this place.
 E = Time spent auto-exploring this place.
 F = Levels seen in this place.
 G = Mean time per level.
                   A        B        C        D        E       F      G
               +--------+--------+--------+--------+--------+-----+--------+
         Total |   2873 |   2832 |     41 |    148 |   2292 |   4 |  718.2 |
       Dungeon |   2873 |   2832 |     41 |    148 |   2292 |   4 |  718.2 |
               +--------+--------+--------+--------+--------+-----+--------+

Top non-repeatable levels by time:
     D:4: 1227 daAuts
     D:1: 1015 daAuts
     D:5: 583 daAuts
     D:2: 46 daAuts
